 Dungeon Crawl Stone Soup version 0.31.0-32-g396128a36d (webtiles) character file.

Game seed: 14745966843114496167

70 GiantSquids the Chopper (level 4, -2/39 HPs)
             Began as a Hill Orc Fighter on Apr 17, 2024.
             Killed by divine providence
             ... invoked by an orc priest
              (17 damage)
             ... on level 3 of the Dungeon.
             The game lasted 00:03:48 (1790 turns).

GiantSquids the Chopper (Hill Orc Fighter)          Turns: 1790, Time: 00:03:49

Health: -2/39      AC: 10    Str: 20    XL:     4   Next: 21%
Magic:  4/4        EV:  9    Int:  8    God:
Gold:   174        SH:  4    Dex: 10    Spells: 3/3 levels left

rFire   . . .        a - +0 war axe
rCold   . . .        c - +0 buckler
rNeg    . . .        b - +0 scale mail
rPois   .            (helmet currently unavailable)
rElec   .            (cloak currently unavailable)
rCorr   .            (gloves currently unavailable)
SInv    .            (boots currently unavailable)
Will    .....        (no amulet) Stlth
                     q - +4 ring of protection
HPRegen 0.26/turn    (no ring)
MPRegen 0.09/turn

%: no passive effects
@: beast-form
A: beast (slay +0)
a: Begin Untransformation, Convert to Beogh


You were on level 3 of the Dungeon.
You were a hulking beast.
You visited 1 branch of the dungeon, and saw 3 of its levels.

You collected 174 gold pieces.

Inventory:

Hand Weapons
 a - a +0 war axe (weapon)
Armour
 b - a +0 scale mail (worn)
 c - a +0 buckler (worn)
Jewellery
 q - a +4 ring of protection (left hand)
Talismans
 n - a beast talisman (active)
Scrolls
 f - a scroll of teleportation {unknown}
 g - 3 scrolls of identify {unknown}
 i - a scroll of fear {unknown}
 j - a scroll of noise {unknown}
 m - a scroll of immolation {unknown}
 p - a scroll of enchant armour {unknown}
Potions
 d - a potion of might
 e - a potion of haste {unknown}
 h - 2 potions of curing {unknown}
 k - a potion of ambrosia {unknown}
 l - a potion of brilliance {unknown}
 o - a potion of cancellation {unknown}
 r - a potion of invisibility {unknown}


   Skills:
 - Level 3.6 Fighting
 + Level 5.8 Axes
 - Level 3.2 Armour
 - Level 3.2 Shields


You had 3 spell levels left.
You didn't know any spells.
Your spell library was empty.

Dungeon Overview and Level Annotations

Branches:
Dungeon (3/15)

Altars:


Message History

An orc is nearby!
The orc shouts!
You hear a shout!
An endoplasm comes into view.
The endoplasm quivers.
You hit the orc.
The orc is almost dead.
The orc hits you with a +0 dagger. The orc hits you but does no damage.
You slash the orc!
You kill the orc!
Things that are here:
a +0 dagger; an orc corpse The endoplasm hits you but does no damage.
You slash the endoplasm!
You kill the endoplasm!
An orc comes into view. It is wielding a +0 club.
An orc priest comes into view. It is wielding a +0 short sword.
The orc priest invokes the aid of Beogh against you.
Beogh smites you!
You hear a shout!
Found a stone staircase leading down.
The orc priest shouts, "Join the one true god or die!" (press Y on the ability menu to convert to Beogh)
The orc closely misses you.
An orc priest comes into view. It is wielding a +0 mace.
You slash the orc!
You kill the orc!
The orc priest looks satisfied for a moment.
An orc comes into view. It is wielding a +0 club.
A bat comes into view.
The orc priest looks encouraged for a moment.
You see here a +0 club.
The orc priest invokes the aid of Beogh against you.
Beogh smites you!
The orc priest looks encouraged for a moment.
You closely miss the orc priest.
The orc priest shouts, "Surrender to Beogh and we'll let you live!"
You slash the orc priest! You miss the bat. The bat barely misses you.
The orc priest invokes the aid of Beogh against you.
Beogh smites you!
You die...

.. ## .## ..#..#.. ... ##.
....#.# ..#... ##### #..#.#
..#.# #...# . #..#.# b...#
.#####.#.# ..# #....## ....#
..........
....#.#...##....##########.#
..........)hoo..............
.........###o.>.............
.######.## ..#.###.#####...
.......)# #.#..........#...
.######.# #.#### #.#.#.#...
#.# #.######..)...... #.#
#.#...).......... #.#
#....#####.#.#.#. #.#
#.#..#####.#.#.#.


You could see 2 orc priests, an orc and a bat.

Vanquished Creatures
  2 adders (D:2)
  A dart slug (D:2)
  6 orcs (D:3)
  3 ball pythons
  7 bats
  3 endoplasms
  A goblin (D:2)
  5 hobgoblins
  3 quokkas (D:2)
  3 frilled lizards
  2 kobolds
  5 rats
41 creatures vanquished.

Notes
Turn   | Place    | Note
-------+----------+-------------------------------------------
     0 | D:1      | GiantSquids the Hill Orc Fighter began the quest for the
                  | Orb.
     0 | D:1      | Reached XP level 1. HP: 19/19 MP: 1/1
    26 | D:1      | Reached skill level 3 in Axes
   345 | D:1      | Reached XP level 2. HP: 25/26 MP: 2/2
   810 | D:2      | Reached skill level 4 in Axes
   956 | D:2      | Reached XP level 3. HP: 27/31 MP: 3/3
  1005 | D:2      | Reached skill level 5 in Axes
  1716 | D:3      | Reached XP level 4. HP: 39/39 MP: 4/4
  1790 | D:3      | Killed from afar by an orc priest

Illustrated notes

Levels and vault maps discovered:
D:1:      dpeg_arrival_more_subterranean_lakeside_camping, layout_loops_ring,
          st_stairs_13
D:2:      layout_basic
D:3:      layout_basic, ebering_ghost_rock_garden

Skill      XL: |  1  2  3 |
---------------+----------+-----
Axes           | 3 4 5 |  5.8
Fighting       | |  3.6
Armour         | |  3.2
Shields        | |  3.2

Action                     |  1- 3 |  4- 6 || total
---------------------------+-------+-------++-------
  Melee: War axe           |    79 |    12 ||    91
 Armour: Scale mail        |    58 |     5 ||    63
  Dodge: Dodged            |    42 |     6 ||    48
  Block: Buckler           |    17 |       ||    17
   Form: Beast             |     1 |       ||     1
